TOP OF THE 1ST |
Portland Privateers batting - Pitching for Richmond Flairs : RHP Gene O'Neal
|
Pitching: RHP Gene O'Neal
|
|
Batting: SHB Patrick Larson
|
0-0: Ball 1-0: Called Strike 1-1: Ground out 4-3 (Groundball, 4)
|
Batting: RHB Joe Bailey
|
0-0: Ball 1-0: Called Strike 1-1: Ball 2-1: Ball 3-1: Foul Ball, location: 2F 3-2: Strikes out swinging
|
Batting: RHB José Balina
|
0-0: Ball 1-0: Called Strike 1-1: Called Strike 1-2: Strikes out swinging
|
Top of the 1st over - 0 run(s), 0 hit(s), 0 error(s), 0 left on base; Portland 0 - Richmond 0 |
BOTTOM OF THE 1ST |
Richmond Flairs batting - Pitching for Portland Privateers : RHP Cade Baird
|
Pitching: RHP Cade Baird
|
|
Batting: LHB R.J. Courtney
|
0-0: Swinging Strike 0-1: Foul Ball, location: 2F 0-2: Foul Ball, location: 2F 0-2: Ball 1-2: Ball 2-2: Ball 3-2: Fly out, F8 (Flyball, 8RD)
|
Batting: SHB António Enríquez
|
0-0: Ball 1-0: Ball 2-0: Ball 3-0: Base on Balls
|
Batting: RHB Elliott Johnston
|
0-0: Ball 1-0: SINGLE (Line Drive, 56) António Enríquez to second
|
Batting: LHB Roland Jones
|
0-0: Ball 1-0: Called Strike 1-1: Ball 2-1: SINGLE (Groundball, 6MD) António Enríquez to third Elliott Johnston to second
|
Batting: RHB R.J. Crosby
|
0-0: Called Strike 0-1: Ball 1-1: Ball 2-1: Ball 3-1: Base on Balls António Enríquez scores Elliott Johnston to third Roland Jones to second
|
Batting: LHB Pedro Díaz
|
0-0: Ball 1-0: Ball 2-0: Ball 3-0: Called Strike 3-1: Foul Ball, location: 2F 3-2: Foul Ball, location: 2F 3-2: Strikes out looking
|
Batting: RHB Rafael Carreón
|
0-0: Called Strike 0-1: Ball 1-1: Swinging Strike 1-2: Ball 2-2: Ball 3-2: Ground out 5-3 (Groundball, 56)
|
Bottom of the 1st over - 1 run(s), 2 hit(s), 0 error(s), 3 left on base; Portland 0 - Richmond 1 |
TOP OF THE 2ND |
Portland Privateers batting - Pitching for Richmond Flairs : RHP Gene O'Neal
|
Batting: SHB Eric Pimentel
|
0-0: Foul Ball, location: 2F 0-1: Fly out, F8 (Line Drive, 8LM)
|
Batting: LHB Jeff Dorney
|
0-0: Foul Ball, location: 2F 0-1: Foul Ball, location: 2F 0-2: Ball 1-2: Ball 2-2: Foul Ball, location: 2F 2-2: Ball 3-2: Strikes out swinging
|
Batting: RHB Luis Pineda
|
0-0: Ball 1-0: Foul Ball, location: 2F 1-1: Swinging Strike 1-2: Ball 2-2: Ground out 6-3 (Groundball, 6)
|
Top of the 2nd over - 0 run(s), 0 hit(s), 0 error(s), 0 left on base; Portland 0 - Richmond 1 |
BOTTOM OF THE 2ND |
Richmond Flairs batting - Pitching for Portland Privateers : RHP Cade Baird
|
Batting: LHB Dave Gray
|
0-0: Ball 1-0: Ball 2-0: Foul Ball, location: 2F 2-1: Ball 3-1: Base on Balls
|
Batting: RHB Miguel Hernández
|
0-0: Ball 1-0: Swinging Strike 1-1: Called Strike 1-2: Foul Ball, location: 2F 1-2: Strikes out swinging
|
Batting: LHB R.J. Courtney
|
0-0: Ball 1-0: Called Strike 1-1: Swinging Strike 1-2: Ball 2-2: Strikes out swinging
|
Batting: SHB António Enríquez
|
0-0: Ball 1-0: Ball 2-0: Foul Ball, location: 2F 2-1: Swinging Strike 2-2: Ground out 3-1 (Groundball, 23)
|
Bottom of the 2nd over - 0 run(s), 0 hit(s), 0 error(s), 1 left on base; Portland 0 - Richmond 1 |
TOP OF THE 3RD |
Portland Privateers batting - Pitching for Richmond Flairs : RHP Gene O'Neal
|
Batting: RHB Edward Holloway
|
0-0: Foul Ball, location: 2F 0-1: Ball 1-1: Ball 2-1: Hit by Pitch
|
Batting: LHB Pedro Padilla
|
0-0: DOUBLE (Line Drive, 7LD) Edward Holloway to third
|
Batting: RHB Carlos Castro
|
0-0: Called Strike 0-1: Ball 1-1: Foul Ball, location: 2F 1-2: Foul Ball, location: 2F 1-2: Ball 2-2: Foul Ball, location: 2F 2-2: Strikes out swinging
|
Batting: SHB Patrick Larson
|
0-0: Ball 1-0: SINGLE (Groundball, 3) (infield hit) Edward Holloway scores Pedro Padilla to third
|
Batting: RHB Joe Bailey
|
0-0: Swinging Strike 0-1: Foul Ball, location: 2F 0-2: Ball Patrick Larson is caught stealing 2nd base 1-2: Foul Ball, location: 2F 1-2: Strikes out swinging
|
Top of the 3rd over - 1 run(s), 2 hit(s), 0 error(s), 1 left on base; Portland 1 - Richmond 1 |
BOTTOM OF THE 3RD |
Richmond Flairs batting - Pitching for Portland Privateers : RHP Cade Baird
|
Batting: RHB Elliott Johnston
|
0-0: Called Strike 0-1: Ball 1-1: Foul Ball, location: 2F 1-2: Ball 2-2: Fly out, F9 (Flyball, 89S)
|
Batting: LHB Roland Jones
|
0-0: Called Strike 0-1: Swinging Strike 0-2: Ball 1-2: Strikes out swinging
|
Batting: RHB R.J. Crosby
|
0-0: Swinging Strike 0-1: Ball 1-1: Ball 2-1: Foul Ball, location: 2F 2-2: Ball 3-2: Strikes out swinging
|
Bottom of the 3rd over - 0 run(s), 0 hit(s), 0 error(s), 0 left on base; Portland 1 - Richmond 1 |
TOP OF THE 4TH |
Portland Privateers batting - Pitching for Richmond Flairs : RHP Gene O'Neal
|
Batting: RHB José Balina
|
0-0: SOLO HOME RUN (Flyball, 89XD), Distance : 373 ft
|
Batting: SHB Eric Pimentel
|
0-0: Foul Ball, location: 2F 0-1: Ball 1-1: Ground out 5-3 (Groundball, 5)
|
Batting: LHB Jeff Dorney
|
0-0: Foul Ball, location: 2F 0-1: Foul Ball, location: 2F 0-2: Ball 1-2: Ball 2-2: Foul Ball, location: 2F 2-2: SINGLE (Line Drive, 6MD)
|
Batting: RHB Luis Pineda
|
0-0: Foul Ball, location: 2F 0-1: Foul Ball, location: 2F 0-2: DOUBLE (Flyball, 78M) Jeff Dorney to third
|
Batting: RHB Edward Holloway
|
0-0: Ball 1-0: Ball 2-0: Called Strike 2-1: Foul Ball, location: 2F 2-2: Ground out 5-3 (Groundball, 5)
|
Batting: LHB Pedro Padilla
|
0-0: Foul Ball, location: 2F 0-1: Swinging Strike 0-2: Foul Ball, location: 2F 0-2: Foul Ball, location: 2F 0-2: Foul Ball, location: 2F 0-2: Ball 1-2: Ball 2-2: Strikes out swinging
|
Top of the 4th over - 1 run(s), 3 hit(s), 0 error(s), 2 left on base; Portland 2 - Richmond 1 |
BOTTOM OF THE 4TH |
Richmond Flairs batting - Pitching for Portland Privateers : RHP Cade Baird
|
Batting: LHB Pedro Díaz
|
0-0: Ball 1-0: Fly out, F7 (Flyball, 7)
|
Batting: RHB Rafael Carreón
|
0-0: Foul Ball, location: 2F 0-1: Ball 1-1: Ball 2-1: Ball 3-1: Fly out, F7 (Flyball, 7S)
|
Batting: LHB Dave Gray
|
0-0: Called Strike 0-1: Swinging Strike 0-2: Foul Ball, location: 2F 0-2: Fly out, F9 (Flyball, 9LM)
|
Bottom of the 4th over - 0 run(s), 0 hit(s), 0 error(s), 0 left on base; Portland 2 - Richmond 1 |
TOP OF THE 5TH |
Portland Privateers batting - Pitching for Richmond Flairs : RHP Gene O'Neal
|
Batting: RHB Carlos Castro
|
0-0: Foul Ball, location: 2F 0-1: Fly out, F9 (Flyball, 9S)
|
Batting: SHB Patrick Larson
|
0-0: Ball 1-0: Called Strike 1-1: Swinging Strike 1-2: SINGLE (Line Drive, 7S)
|
Batting: RHB Joe Bailey
|
0-0: Ball 1-0: Swinging Strike 1-1: Called Strike 1-2: Foul Ball, location: 2F 1-2: Strikes out swinging
|
Batting: RHB José Balina
|
0-0: Ball 1-0: Fielders Choice at 2nd, 4-6 (Groundball, 4)
|
Top of the 5th over - 0 run(s), 1 hit(s), 0 error(s), 0 left on base; Portland 2 - Richmond 1 |
BOTTOM OF THE 5TH |
Richmond Flairs batting - Pitching for Portland Privateers : RHP Cade Baird
|
Batting: RHB Miguel Hernández
|
0-0: Ball 1-0: Ball 2-0: Swinging Strike 2-1: SINGLE (Line Drive, 56)
|
Batting: LHB R.J. Courtney
|
0-0: Ball 1-0: Foul Ball, location: 2F 1-1: Ball 2-1: Ball 3-1: Fielders Choice at 2nd, 4-6 (Groundball, 4)
|
Batting: SHB António Enríquez
|
0-0: Ball Wild Pitch! R.J. Courtney to second 1-0: Ball 2-0: Foul Ball, location: 2F 2-1: Ball 3-1: Base on Balls
|
Batting: RHB Elliott Johnston
|
0-0: Called Strike 0-1: Grounds into double play, 5-4-3 (Groundball, 56)
|
Bottom of the 5th over - 0 run(s), 1 hit(s), 0 error(s), 1 left on base; Portland 2 - Richmond 1 |
TOP OF THE 6TH |
Portland Privateers batting - Pitching for Richmond Flairs : RHP Gene O'Neal
|
Batting: SHB Eric Pimentel
|
0-0: Ball 1-0: Ball 2-0: Called Strike 2-1: Foul Ball, location: 2F 2-2: Strikes out swinging
|
Batting: LHB Jeff Dorney
|
0-0: Ball 1-0: SINGLE (Groundball, 4MD)
|
Batting: RHB Luis Pineda
|
0-0: Ball 1-0: Ball 2-0: Called Strike 2-1: Ball 3-1: Base on Balls Jeff Dorney to second
|
Batting: RHB Edward Holloway
|
0-0: Ball 1-0: Ball 2-0: Fly out, F5 (Popup, 5L)
|
Pitching: LHP Salvador Rodríguez
|
|
Batting: LHB Pedro Padilla
|
0-0: Ball 1-0: Called Strike 1-1: Ball 2-1: Fly out, F7 (Flyball, 78M)
|
Top of the 6th over - 0 run(s), 1 hit(s), 0 error(s), 2 left on base; Portland 2 - Richmond 1 |
BOTTOM OF THE 6TH |
Richmond Flairs batting - Pitching for Portland Privateers : RHP Cade Baird
|
Pitching: LHP Mike Campbell
|
|
Batting: LHB Roland Jones
|
0-0: Foul Ball, location: 2F 0-1: SOLO HOME RUN (Flyball, 78XD), Distance : 377 ft
|
Batting: RHB R.J. Crosby
|
0-0: Ball 1-0: Ball 2-0: Called Strike 2-1: Ball 3-1: Foul Ball, location: 2F 3-2: Foul Ball, location: 2F 3-2: Foul Ball, location: 2F 3-2: SINGLE (Flyball, 8RS)
|
Batting: LHB Pedro Díaz
|
0-0: Ball 1-0: Called Strike 1-1: Ball 2-1: Ball 3-1: SINGLE (Line Drive, 8RS) R.J. Crosby to second
|
Batting: RHB Rafael Carreón
|
0-0: Ball 1-0: Called Strike 1-1: Foul Ball, location: 2F 1-2: Foul Ball, location: 2F 1-2: Foul Ball, location: 2F 1-2: Ball 2-2: Fly out, F6 (Popup, 6M)
|
Batting: LHB Dave Gray
|
0-0: Ball 1-0: Foul Ball, location: 2F 1-1: Ball 2-1: Swinging Strike 2-2: SINGLE (Flyball, 8LS) R.J. Crosby to third Pedro Díaz to second Runner from 3rd tries for Home, SAFE, throw made home
|
Pitching: RHP Alfonso Medina
|
|
Batting: RHB Miguel Hernández
|
0-0: Called Strike 0-1: Foul Ball, location: 2F 0-2: Strikes out swinging
|
Batting: LHB R.J. Courtney
|
0-0: Ball 1-0: Ground out 3-1 (Groundball, 34)
|
Bottom of the 6th over - 2 run(s), 4 hit(s), 0 error(s), 2 left on base; Portland 2 - Richmond 3 |
TOP OF THE 7TH |
Portland Privateers batting - Pitching for Richmond Flairs : LHP Salvador Rodríguez
|
Batting: RHB Carlos Castro
|
0-0: Called Strike 0-1: Fly out, F9 (Flyball, 9LMF)
|
Batting: SHB Patrick Larson
|
0-0: Ball 1-0: Foul Ball, location: 2F 1-1: Ground out 4-3 (Groundball, 4)
|
Batting: RHB Joe Bailey
|
0-0: Ball 1-0: Called Strike 1-1: Ball 2-1: Ball 3-1: SINGLE (Groundball, 6MD)
|
Batting: RHB José Balina
|
0-0: Ball 1-0: Ball 2-0: SINGLE (Line Drive, 6MD) Joe Bailey to second Runner from 2nd tries for 3rd, SAFE, throw made to third
|
Batting: SHB Eric Pimentel
|
0-0: Called Strike 0-1: Called Strike 0-2: Fielders Choice at 2nd, 5-4 (Groundball, 56)
|
Top of the 7th over - 0 run(s), 2 hit(s), 0 error(s), 1 left on base; Portland 2 - Richmond 3 |
BOTTOM OF THE 7TH |
Richmond Flairs batting - Pitching for Portland Privateers : RHP Alfonso Medina
|
Batting: SHB António Enríquez
|
0-0: Called Strike 0-1: Foul Ball, location: 2F 0-2: Foul Ball, location: 2F 0-2: Ball 1-2: Ball 2-2: Ball 3-2: Ground out 6-3 (Groundball, 6)
|
Batting: RHB Elliott Johnston
|
0-0: Ball 1-0: Called Strike 1-1: Swinging Strike 1-2: Strikes out looking
|
Pitching: LHP Jaime Ayala
|
|
Batting: LHB Roland Jones
|
0-0: SINGLE (Flyball, 7S)
|
Batting: RHB R.J. Crosby
|
0-0: Ball 1-0: Foul Ball, location: 2F 1-1: Ball Balk! Roland Jones to second 2-1: SINGLE (Line Drive, 89M) Roland Jones to third Runner from 3rd tries for Home, SAFE, no throw
|
Pitching: RHP Neal Dillard
|
|
Batting: LHB Pedro Díaz
|
0-0: Fielders Choice at 2nd, 4-6 (Groundball, 34)
|
Bottom of the 7th over - 1 run(s), 2 hit(s), 0 error(s), 0 left on base; Portland 2 - Richmond 4 |
TOP OF THE 8TH |
Portland Privateers batting - Pitching for Richmond Flairs : LHP Salvador Rodríguez
|
Batting: LHB Jeff Dorney
|
0-0: Ball 1-0: Called Strike 1-1: Ball 2-1: SINGLE (Groundball, 4M) (infield hit)
|
Pitching: RHP Gustavo Ramos
|
|
Batting: RHB Luis Pineda
|
0-0: Foul Ball, location: 2F 0-1: Called Strike 0-2: Ball 1-2: Fly out, F8 (Flyball, 8RD)
|
Batting: RHB Edward Holloway
|
0-0: Called Strike 0-1: Called Strike 0-2: Ball 1-2: Foul Ball, location: 2F 1-2: Ball 2-2: Fly out, F9 (Line Drive, 9LM)
|
Pitching: RHP Frank Martin
|
|
Batting: LHB Pedro Padilla
|
0-0: Called Strike 0-1: Called Strike 0-2: Ball 1-2: Strikes out swinging
|
Top of the 8th over - 0 run(s), 1 hit(s), 0 error(s), 1 left on base; Portland 2 - Richmond 4 |
BOTTOM OF THE 8TH |
Richmond Flairs batting - Pitching for Portland Privateers : RHP Neal Dillard
|
Batting: RHB Rafael Carreón
|
0-0: Called Strike 0-1: Called Strike 0-2: Ball 1-2: Ball 2-2: Foul Ball, location: 2F 2-2: Ball 3-2: Base on Balls
|
Batting: LHB Dave Gray
|
0-0: Bunted foul 0-1: Bunted foul 0-2: Reached on error, E4 (Line Drive, 4M) Rafael Carreón to second
|
Pinch Hitting: RHB Lonson Seals
|
0-0: Ball 1-0: Bunt missed! 1-1: Ball 2-1: Ball 3-1: Sac Bunt - play at third, runner OUT! 1-6 Dave Gray to second
|
Batting: LHB R.J. Courtney
|
0-0: Ball 1-0: SINGLE (Line Drive, 34D) Dave Gray to third Lonson Seals to second
|
Batting: SHB António Enríquez
|
0-0: Ball 1-0: Foul Ball, location: 2F 1-1: Ball 2-1: Ball 3-1: Base on Balls Dave Gray scores Lonson Seals to third R.J. Courtney to second
|
Batting: RHB Elliott Johnston
|
0-0: Ball 1-0: Ball 2-0: Ball 3-0: Base on Balls Lonson Seals scores R.J. Courtney to third António Enríquez to second
|
Batting: LHB Roland Jones
|
0-0: Ball 1-0: Fly out, F1 (Line Drive, 13)
|
Batting: RHB R.J. Crosby
|
0-0: Fly out, F9 (Flyball, 9LMF)
|
Bottom of the 8th over - 2 run(s), 1 hit(s), 1 error(s), 3 left on base; Portland 2 - Richmond 6 |
TOP OF THE 9TH |
Portland Privateers batting - Pitching for Richmond Flairs : RHP Frank Martin
|
Now at 2B: Lonson Seals
|
|
Batting: RHB Carlos Castro
|
0-0: Ball 1-0: Ball 2-0: Called Strike 2-1: Foul Ball, location: 2F 2-2: Ball 3-2: Strikes out swinging
|
Batting: SHB Patrick Larson
|
0-0: Ball 1-0: Ball 2-0: SOLO HOME RUN (Flyball, 78XD), Distance : 370 ft
|
Batting: RHB Joe Bailey
|
0-0: Ball 1-0: Called Strike 1-1: Ball 2-1: Swinging Strike 2-2: Strikes out swinging
|
Batting: RHB José Balina
|
0-0: Called Strike 0-1: Foul Ball, location: 2F 0-2: Strikes out swinging
|
Top of the 9th over - 1 run(s), 1 hit(s), 0 error(s), 0 left on base; Portland 3 - Richmond 6 |
|